 Dungeon Crawl Stone Soup version 0.16.2-12-gd0ad4c3 (webtiles) character file.

4 kroki the Slasher (level 1, -1/19 HPs)
             Began as a Deep Elf Berserker on Feb 3, 2016.
             Was a Follower of Trog.
             Slain by a kobold
             ... wielding a +0 dagger
              (2 damage)
             ... on level 1 of the Dungeon.
             The game lasted 00:00:17 (507 turns).

kroki the Slasher (Deep Elf Berserker)               Turns: 507, Time: 00:00:17

Health: -1/19      AC:  2    Str: 19    XL:     1   Next: 50%
Magic:  2/2        EV: 13    Int: 11    God:    Trog [*.....]
Gold:   24         SH:  0    Dex: 14    Spells: 0 memorised, 0 levels left

rFire  . . .     SeeInvis .     a - +0 falchion
rCold  . . .     Clarity  .     b - +0 animal skin
rNeg   . . .     SustAb   .     (no shield)
rPois  .         Gourm    .     (no helmet)
rElec  .         Spirit   .     (no cloak)
rCorr  .         Warding  .     (no gloves)
rMut   .         Stasis   .     (no boots)
MR     .....                    (no amulet)
Stlth  ..........               (no ring)
                                (no ring)

@: berserking, very quick, not resistant to hostile enchantments, extremely
unstealthy
A: no striking features
a: Burn Spellbooks, Berserk, Renounce Religion


You were on level 1 of the Dungeon.
You worshipped Trog.
Trog was aware of your devotion.
You were not hungry.

You visited 1 branch of the dungeon, and saw 1 of its levels.

You collected 24 gold pieces.

Inventory:

Hand weapons
 a - a +0 falchion (weapon)
Armour
 b - a +0 animal skin (worn)
Scrolls
 d - a scroll of remove curse {unknown}
 e - a scroll of identify {unknown}
Potions
 f - a potion of curing {unknown}
Comestibles
 c - a bread ration {@e1}


   Skills:
 + Level 2.5 Fighting
 * Level 2.9 Long Blades
 - Level 1.5 Armour
 - Level 2.4 Dodging


You couldn't memorise any spells.
You didn't know any spells.

Dungeon Overview and Level Annotations

Branches:
Dungeon (1/15)

Altars:


Message History

You now have 4/13 hp.
You start resting.
You feel yourself speed up.
You regained 2 hp, and now have 6/13 hp.
Unknown command.
You start resting.
You feel less exhausted.
Unknown command.
You start resting.
You start resting.
Unknown command.
You now have 9 gold pieces.
Found a stone staircase leading down.
You now have 24 gold pieces (gained 15).
e - a scroll labeled WEAP UR BIPNAGE Health restored: 13
There is a stone staircase leading down here.
A ball python comes into view.
A ball python is nearby!
A ball python is nearby!
A ball python is nearby!
A ball python is nearby!
You closely miss the ball python. The ball python closely misses you.
The ball python barely misses you.
You barely miss the ball python. The ball python bites you.
The ball python misses you.
You take 1 damage, and have 12/13 hp.
You completely miss the ball python. The ball python closely misses you.
The ball python closely misses you. x2
The ball python grabs you. The ball python constricts you.
You take 1 damage, and have 11/13 hp.
You slash the ball python!
You kill the ball python!
Trog accepts your kill.
Unknown command.
A hobgoblin comes into view. It is wielding a club.
The hobgoblin shouts!
Unknown command.
A hobgoblin is nearby!
A hobgoblin is nearby!
A hobgoblin is nearby!
A hobgoblin is nearby!
The hobgoblin hits you but does no damage.
You closely miss the hobgoblin.
The hobgoblin hits you but does no damage.
You barely miss the hobgoblin. The hobgoblin misses you.
You barely miss the hobgoblin. The hobgoblin hits you with a club.
You take 6 damage, and have 5/13 hp.
MASSIVE DAMAGE!!
You hit the hobgoblin.
The hobgoblin hits you but does no damage.
You are too injured to fight recklessly!
You barely miss the hobgoblin. The hobgoblin closely misses you.
You are too injured to fight recklessly!
Unknown command.
You hit the hobgoblin. The hobgoblin barely misses you.
You closely miss the hobgoblin. The hobgoblin closely misses you.
You closely miss the hobgoblin. The hobgoblin barely misses you.
You hit the hobgoblin.
You kill the hobgoblin!
Trog accepts your kill.
You see here a club.
Unknown command.
You start resting.
You start resting.
Unknown command.
f - a sapphire potion Unknown command.
A kobold comes into view. It is wielding a dagger.
The kobold shouts!
A kobold is nearby!
Health restored: 13 A kobold is nearby!
Unknown command.
A kobold is nearby!
A kobold is nearby!
A kobold is nearby!
Unknown command.
The kobold hits you with a dagger.
You miss the kobold. The kobold hits you with a dagger.
You take 6 damage, and have 7/13 hp.
MASSIVE DAMAGE!!
You closely miss the kobold. The kobold closely misses you.
You are too injured to fight recklessly!
You hit the kobold but do no damage. The kobold completely misses you.
Unknown command.
You are too injured to fight recklessly!
You barely miss the kobold. The kobold hits you with a dagger.
The kobold hits you but does no damage.
You take 3 damage, and have 4/13 hp.
MASSIVE DAMAGE!!
You closely miss the kobold. The kobold hits you with a dagger.
* * * LOW HITPOINT WARNING * * *
You take 3 damage, and have 1/13 hp.
MASSIVE DAMAGE!!
A red film seems to cover your vision as you go berserk!
You feel yourself moving faster!
You feel mighty!
You feel quite a bit more hungry. The kobold hits you with a dagger.
You die...

#### ...## (...# #######
....######.....#########
.>..............@K.....#
...................)....[
........##.....##...%..#
......................$.
...####.........#.####..
...# #..........)# ...#
#.........### .###
#...).....# .#
#.........#


You could see a kobold.

Vanquished Creatures
  A ball python (D:1)
  2 hobgoblins (D:1)
3 creatures vanquished.

Notes
Turn   | Place    | Note
--------------------------------------------------------------
     0 | D:1      | kroki, the Deep Elf Berserker, began the quest for the Orb.
     0 | D:1      | Reached XP level 1. HP: 13/13 MP: 2/2
   506 | D:1      | HP: 1/13 [kobold/dagger (3)]
   507 | D:1      | Slain by a kobold

Action                   || total
-------------------------++-------
Melee: Falchion          ||    21
Invok: Berserk           ||     2

Vault maps used:
D:1:      ncdulo_watergridlock

Table legend:
 A = Turns spent in this place as a percentage of turns spent in the entire game.
 B = Non-inter-level travel turns spent in this place as a percentage of non-inter-level travel turns spent in the entire game.
 C = Inter-level travel turns spent in this place as a percentage of turns spent in this place.
 D = Turns resting spent in this place as a percentage of non-inter-level travel turns spent in this place.
 E = Turns spent auto-exploring this place as a percentage of non-inter-level travel turns spent in this place.
 F = Non-inter-level travel turns spent in this place divided by the number of levels of this place that you've seen.
                   A       B       C       D       E      F
               +-------+-------+-------+-------+-------+----------------------
         Total | 100.0 | 100.0 |   0.0 |  14.9 |   8.0 |  87.0
       Dungeon | 100.0 | 100.0 |   0.0 |  14.9 |   8.0 |  87.0
               +-------+-------+-------+-------+-------+----------------------

Table legend:
 A = Kills in this place as a percentage of kills in entire the game.
 B = Kills by you in this place as a percentage of kills by you in the entire game.
 C = Kills by friends in this place as a percentage of kills by friends in the entire game.
 D = Other kills in this place as a percentage of other kills in the entire game.
 E = Experience gained in this place as a percentage of experience gained in the entire game.
 F = Experience gained in this place divided by the number of levels of this place that you have seen.
                   A       B       C       D       E      F
               +-------+-------+-------+-------+-------+----------------------
         Total | 100.0 | 100.0 |  -nan |  -nan | 100.0 |   6.0
       Dungeon | 100.0 | 100.0 |  -nan |  -nan | 100.0 |   6.0
               +-------+-------+-------+-------+-------+----------------------
